 Dungeon Crawl Stone Soup version 0.23.0 (webtiles) character file.

Game seed: 16525272772047291158

15606 Terandir the Carver (level 12, -2/104 HPs)
             Began as a Minotaur Fighter on Feb 9, 2019.
             Was the Champion of Cheibriados.
             Slain by a 12-headed hydra (5 damage)
             ... on level 1 of the Lair of Beasts on Feb 10, 2019.
             The game lasted 00:19:53 (9414 turns).

Terandir the Carver (Minotaur Fighter)              Turns: 9414, Time: 00:19:54

Health: -2/104     AC: 17    Str: 41    XL:     12   Next: 2%
Magic:  15/15      EV: 17    Int: 20    God:    Cheibriados [******]
Gold:   516        SH: 19    Dex: 30    Spells: 11/11 levels left

rFire    . . .     SeeInvis .   O - +2 double sword (slice)
rCold    . . .     Gourm    .   c - +3 shield
rNeg     . . .     Faith    .   b - +0 scale mail
rPois    +         Spirit   .   (helmet restricted)
rElec    .         Reflect  .   y - +2 cloak
rCorr    .         Harm     .   l - +2 pair of gloves
MR       .....                  o - +0 pair of boots
Stlth    +.........             (no amulet)
HPRegen  0.27/turn              j - +5 ring of strength
MPRegen  0.14/turn              m - ring of poison resistance

@: very slow
A: retaliatory headbutt, horns 2
a: Bend Time, Temporal Distortion, Slouch, Step From Time, Renounce Religion


You were on level 1 of the Lair of Beasts.
You worshipped Cheibriados.
Cheibriados was exalted by your worship.
You were not hungry.

You visited 3 branches of the dungeon, and saw 12 of its levels.
You also visited: Sewer.

You collected 825 gold pieces.
You spent 309 gold pieces at shops.

Inventory:

Hand Weapons
 F - the +3 falchion "Enap" {venom, MP+9, unknown}
   (You found it on level 9 of the Dungeon)

   It poisons the flesh of those it strikes.
   It affects your magic capacity (+9).
 O - a +2 double sword of slicing (weapon)
Armour
 b - a +0 scale mail (worn)
 c - a +3 shield (worn)
 l - a +2 pair of gloves (worn)
 o - a +0 pair of boots (worn)
 y - a +2 cloak (worn)
 D - the +0 leather armour "Ichozad" {rN+ Regen+ Int+6 Dex-3}
   (You bought it in a shop on level 7 of the Dungeon)

   It affects your intelligence (+6).
   It affects your dexterity (-3).
   It protects you from negative energy.
   It increases your rate of regeneration.
 J - a +0 pair of gloves
Jewellery
 j - a +5 ring of strength (left hand)
 m - a ring of poison resistance (right hand)
 z - an uncursed ring of stealth {unknown}
 A - an uncursed ring of protection from fire
 H - a +1 ring of evasion {unknown}
 I - a +5 ring of dexterity {unknown}
 K - a cursed -2 ring of intelligence {unknown}
 P - an uncursed ring of positive energy {unknown}
Wands
 r - a wand of polymorph (8)
 L - a wand of iceblast (20)
 M - a wand of disintegration (14)
 N - a wand of digging (4)
Scrolls
 a - a scroll of enchant weapon
 g - 2 scrolls of teleportation
 u - 8 scrolls of remove curse
 v - 2 scrolls of fog
 w - 3 scrolls of fear
 x - 2 scrolls of blinking
Potions
 d - 2 potions of might
 e - 2 potions of agility
 h - 7 potions of curing
 i - 2 potions of degeneration
 k - 4 potions of brilliance
 n - a potion of invisibility
 p - a potion of cancellation
 q - a potion of haste
 s - 4 potions of flight
 t - 7 potions of heal wounds
 B - 3 potions of mutation {unknown}
 C - a potion of resistance {unknown}
 E - a potion of magic {unknown}
 G - a potion of lignification {unknown}
Comestibles
 f - 37 rations


   Skills:
 * Level 9.1 Fighting
 * Level 12.9 Long Blades
 * Level 10.0 Armour
 * Level 6.7 Dodging
 * Level 11.8 Shields
 * Level 5.5 Invocations


You had 11 spell levels left.
You didn't know any spells.
Your spell library contained the following spells:

 Spells                   Type           Power        Failure   Level  Hunger
 Animate Skeleton         Necr           N/A          41%         1    ##.....
 Corona                   Hex            #......      41%         1    ##.....
 Magic Dart               Conj           #...         41%         1    ##.....
 Pain                     Necr           #...         41%         1    ##.....
 Blink                    Tloc           N/A          56%         2    ###....
 Call Imp                 Summ           #.......     56%         2    ###....
 Slow                     Hex            #.......     56%         2    ###....
 Conjure Flame            Conj/Fire      #.......     80%         3    ####...
 Inner Flame              Hex/Fire       #.......     80%         3    ####...
 Mephitic Cloud           Conj/Pois/Air  #.......     80%         3    ####...
 Portal Projectile        Hex/Tloc       #.....       80%         3    ####...
 Regeneration             Chrm/Necr      #.........   80%         3    ####...
 Vampiric Draining        Necr           #.........   80%         3    ####...
 Animate Dead             Necr           N/A          99%         4    #####..
 Cause Fear               Hex            #.........   99%         4    #####..
 Leda's Liquefaction      Hex/Erth       #.........   99%         4    #####..


Dungeon Overview and Level Annotations

Branches:
Dungeon (10/15)            Temple (1/1) D:4            Lair (1/6) D:8
    Orc: D:9-12

Altars:
Cheibriados
Elyvilon
Fedhas
Gozag
Hepliaklqana
Kikubaaqudgha
Makhleb
Nemelex Xobeh
Okawaru
Wu Jian
Xom
Yredelemnul
Zin
The Shining One

Shops:
D:5 *   D:7 *


Innate Abilities, Weirdness & Mutations

You reflexively headbutt those who attack you in melee.
You have a pair of horns on your head.


Message History

* * * LOW HITPOINT WARNING * * *
The 12-headed hydra bites you but does no damage.
The 12-headed hydra bites you!
* * * LOW HITPOINT WARNING * * *
The 12-headed hydra barely misses you. The 12-headed hydra closely misses you.
The 12-headed hydra bites you!
* * * LOW HITPOINT WARNING * * *
The 12-headed hydra closely misses you.
Unknown command.
You barely miss the 12-headed hydra. You headbutt the 12-headed hydra.
The 12-headed hydra is almost dead.
The bullfrog hits you but does no damage.
You block the 12-headed hydra's attack. x3
The 12-headed hydra barely misses you. The 12-headed hydra closely misses you.
The 12-headed hydra barely misses you. You block the 12-headed hydra's attack.
The 12-headed hydra bites you.
* * * LOW HITPOINT WARNING * * *
The 12-headed hydra bites you but does no damage.
You block the 12-headed hydra's attack. The 12-headed hydra bites you.
You die...

...........#####........
.....##.##..# ##......#
....##.⌠..### #......#
..........# #......#
.....⌠.>.⌠# #......#
..........# #......#
..###....## #......#
###'### #.F@..#
#..r..D.#.#
.............
.......⌠.#.....
.....#.......[.
...#.#...#.#...
..##....... #.. .# .#+#.
. ##


You could see a 12-headed hydra, a bullfrog and a porcupine.

Vanquished Creatures
  A centaur warrior (D:10)
  3 two-headed ogres (D:10)
  3 death yaks (D:8)
  Pikel (D:7)
  2 manticores (D:10)
  Joseph (D:7)
  The ghost of amentoraz the Basher, a novice MiBe of Trog (D:8)
  A komodo dragon (D:10)
  A troll (D:10)
  A hippogriff (shapeshifter) (D:8)
  2 hippogriffs
  7 yaks
  Sigmund (D:2)
  2 basilisks
  2 wyverns (D:10)
  3 hungry ghosts
  A steam dragon (D:8)
  A porcupine (Lair:1)
  2 water moccasins (Lair:1)
  6 orc warriors
  An ice beast (D:6)
  3 black bears
  A hornet zombie (D:7)
  2 eyes of draining (D:10)
  5 wolves (Lair:1)
  A phantom (D:9)
  7 ogres
  3 centaurs
  2 crocodiles
  4 bullfrogs
  4 big kobolds
  A gnoll sergeant (D:5)
  A wyvern skeleton (D:9)
  6 killer bees (D:7)
  12 wights
  A howler monkey (D:10)
  6 crimson imps
  A quasit (D:10)
  3 hounds
  2 bullfrog skeletons
  A centaur zombie (D:9)
  2 orc priests
  A gnoll shaman (D:8)
  13 orc wizards
  2 centaur skeletons (D:10)
  Jessica (D:3)
  Terence (D:3)
  An iguana (D:4)
  Natasha (thrice) (D:4)
  7 worker ants
  2 hound zombies
  2 hound skeletons
  15 gnolls
  3 river rats (D:8)
  8 adders
  2 shadow imps
  2 oozes
  An adder zombie (D:8)
  4 worms
  3 dart slugs
  9 leopard geckos
  33 orcs
  12 bats
  9 giant cockroaches
  8 goblins
  11 hobgoblins
  19 jackals
  25 kobolds
  4 quokkas
  4 ball pythons
  7 frilled lizards
  A leopard gecko skeleton (D:6)
  A leopard gecko zombie (D:3)
  12 rats
337 creatures vanquished.

Vanquished Creatures (others)
  2 slaves (D:7)
2 creatures vanquished.

Grand Total: 339 creatures vanquished

Notes
Turn   | Place    | Note
-------+----------+-------------------------------------------
     0 | D:1      | Terandir the Minotaur Fighter began the quest for the Orb.
     0 | D:1      | Reached XP level 1. HP: 19/19 MP: 0/0
   131 | D:1      | Reached XP level 2. HP: 24/27 MP: 1/1
   329 | D:1      | Reached XP level 3. HP: 33/33 MP: 2/2
   816 | D:2      | Noticed Sigmund
   822 | D:2      | Killed Sigmund
   822 | D:2      | Reached skill level 3 in Long Blades
   822 | D:2      | Reached skill level 1 in Dodging
   822 | D:2      | Reached XP level 4. HP: 41/41 MP: 3/3
   822 | D:2      | Reached XP level 5. HP: 47/47 MP: 4/4
   965 | D:2      | Reached skill level 4 in Long Blades
  1659 | D:3      | Noticed Terence
  1668 | D:3      | Killed Terence
  1853 | D:3      | Reached XP level 6. HP: 53/53 MP: 5/5
  1868 | D:3      | Reached skill level 5 in Armour
  1943 | D:3      | Noticed Jessica
  1949 | D:3      | Reached skill level 5 in Shields
  1950 | D:3      | Killed Jessica
  2014 | D:3      | Reached skill level 5 in Long Blades
  2276 | D:4      | Found a glowing drain.
  2291 | Sewer    | Entered a sewer
  2481 | Sewer    | Reached skill level 5 in Fighting
  2518 | D:4      | Noticed Natasha
  2525 | D:4      | Killed Natasha
  2525 | D:4      | Reached XP level 7. HP: 56/61 MP: 6/6
  2573 | D:4      | Found a glowing golden altar of the Shining One.
  2608 | D:4      | Found a blossoming altar of Fedhas.
  2626 | D:4      | Noticed a hungry ghost
  2630 | D:4      | Noticed Natasha
  2636 | D:4      | Killed a hungry ghost
  2636 | D:4      | Reached skill level 6 in Long Blades
  2641 | D:4      | Killed Natasha
  2824 | D:4      | Found an ancient bone altar of Kikubaaqudgha.
  2826 | D:4      | Found a hazy altar of Hepliaklqana.
  2830 | D:4      | Noticed Natasha
  2835 | D:4      | Killed Natasha
  2862 | D:4      | Found a staircase to the Ecumenical Temple.
  2873 | Temple   | Entered the Ecumenical Temple
  2891 | Temple   | Became a worshipper of Cheibriados the Contemplative
  3284 | D:5      | Entered Level 5 of the Dungeon
  3307 | D:5      | Found Gozag's Platinum Reserve.
  3326 | D:5      | Found an opulent altar of Gozag.
  3456 | D:5      | Reached XP level 8. HP: 69/69 MP: 7/7
  3494 | D:5      | Reached skill level 7 in Long Blades
  3511 | D:5      | Found a basalt altar of Yredelemnul.
  3615 | D:5      | Reached skill level 1 in Invocations
  4511 | D:6      | Found a shimmering altar of Xom.
  4565 | D:6      | Reached * piety under Cheibriados
  4626 | D:6      | Reached skill level 8 in Long Blades
  4650 | D:6      | Found a basalt altar of Yredelemnul.
  5100 | D:7      | Noticed Pikel
  5107 | D:7      | Killed Pikel
  5107 | D:7      | Reached XP level 9. HP: 69/75 MP: 9/9
  5162 | D:7      | Found Beppani's Assorted Antiques.
  5165 | D:7      | Found a burning altar of Makhleb.
  5168 | D:7      | Bought a murky blue potion for 23 gold pieces
  5168 | D:7      | Bought a scorched leather armour for 182 gold pieces
  5168 | D:7      | Bought a scroll of identify for 52 gold pieces
  5168 | D:7      | Bought a scroll of identify for 52 gold pieces
  5168 | D:7      | Identified the +0 leather armour "Ichozad" {rN+ Regen+
                  | Int+6 Dex-3} (You bought it in a shop on level 7 of the
                  | Dungeon)
  5193 | D:7      | Reached ** piety under Cheibriados
  5199 | D:7      | Reached skill level 9 in Long Blades
  5500 | D:7      | Found a shimmering altar of Xom.
  5704 | D:7      | Noticed Joseph
  5718 | D:7      | Killed Joseph
  6190 | D:8      | Reached *** piety under Cheibriados
  6210 | D:8      | Noticed a death yak
  6212 | D:8      | Noticed a death yak
  6220 | D:8      | Noticed a death yak
  6229 | D:8      | Killed a death yak
  6229 | D:8      | Reached XP level 10. HP: 46/86 MP: 11/11
  6232 | D:8      | Reached skill level 10 in Long Blades
  6239 | D:8      | Killed a death yak
  6239 | D:8      | Reached skill level 5 in Dodging
  6248 | D:8      | Killed a death yak
  6565 | D:8      | Found a staircase to the Lair.
  6716 | D:8      | Found a runed translucent gate.
  6717 | D:8      | Found a runed translucent gate.
  6718 | D:8      | Found a runed translucent gate.
  6719 | D:8      | Found an opulent altar of Gozag.
  6720 | D:8      | Noticed amentoraz's ghost (novice MiBe)
  6745 | D:8      | Killed amentoraz's ghost
  6745 | D:8      | Reached skill level 11 in Long Blades
  6745 | D:8      | Reached skill level 10 in Shields
  7116 | D:9      | Got a crystal falchion
  7184 | D:9      | Found an iron altar of Okawaru.
  7191 | D:9      | Reached **** piety under Cheibriados
  7524 | D:9      | Reached XP level 11. HP: 94/94 MP: 13/13
  7667 | D:10     | Entered Level 10 of the Dungeon
  7677 | D:10     | Noticed a two-headed ogre
  7689 | D:10     | Killed a two-headed ogre
  7705 | D:10     | Identified a scroll of acquirement
  7733 | D:10     | Reached ***** piety under Cheibriados
  8451 | D:10     | Reached skill level 5 in Invocations
  8457 | D:10     | Noticed a two-headed ogre
  8459 | D:10     | Killed a two-headed ogre
  8459 | D:10     | Reached skill level 12 in Long Blades
  8488 | D:10     | Noticed a two-headed ogre
  8493 | D:10     | Found a runed translucent door.
  8507 | D:10     | Killed a two-headed ogre
  8756 | D:10     | Noticed a centaur warrior
  8769 | D:10     | Killed a centaur warrior
  9069 | D:10     | Reached ****** piety under Cheibriados
  9151 | Lair:1   | Entered Level 1 of the Lair of Beasts
  9308 | Lair:1   | Reached skill level 10 in Armour
  9320 | Lair:1   | Reached XP level 12. HP: 88/104 MP: 15/15
  9407 | Lair:1   | Noticed an eight-headed hydra
  9414 | Lair:1   | HP: 3/104 [12-headed hydra (6)]
  9414 | Lair:1   | Slain by a 12-headed hydra

Skill      XL: |  1  2  3  4  5  6  7  8  9 10 11 |
---------------+----------------------------------+-----
Fighting       | 4 5 6 7 9 |  9.1
Armour         | 4 5 7 8 9 10 | 10.0
Shields        | 4 5 6 7 9 10 11 | 11.8
Long Blades    | 3 4 5 6 8 9 11 12 | 12.9
Dodging        | 1 2 3 4 5 6 |  6.7
Invocations    | 2 3 4 5 |  5.5

Action                   |  1- 3 |  4- 6 |  7- 9 | 10-12 || total
-------------------------+-------+-------+-------+-------++-------
Melee: Long sword        |    49 |   201 |   256 |   152 ||   658
       Headbutt          |     8 |    29 |    74 |   127 ||   238
       Double sword      |       |       |       |   159 ||   159
  Use: Scroll            |     4 |    12 |     7 |     6 ||    29
  Eat: Chunk             |       |     5 |    10 |     6 ||    21
       Ration            |       |       |     1 |       ||     1
Armor: Scale mail        |    27 |    93 |    84 |   113 ||   317
Dodge: Dodged            |    16 |    67 |    82 |   149 ||   314
Block: Shield            |    21 |   128 |   172 |   297 ||   618
       Rpst.: Long sword |     5 |    13 |    20 |     9 ||    47
       Double sword      |       |       |       |    20 ||    20
